 Dungeon Crawl Stone Soup version 0.29.0-15-g675c0067aa (webtiles) character file.

Game seed: 10091907575929417937

67 xian the Grasshopper (level 3, -3/28 HPs)
             Began as a Demonspawn Warper on Sept 11, 2022.
             Killed by divine providence
             ... invoked by an orc priest
              (13 damage)
             ... on level 3 of the Dungeon.
             The game lasted 00:05:05 (2714 turns).

xian the Grasshopper (Demonspawn Warper)            Turns: 2714, Time: 00:05:06

Health: -3/28      AC:  4    Str: 13    XL:     3   Next: 98%
Magic:  6/6        EV: 11    Int: 14    God:
Gold:   22         SH:  0    Dex: 12    Spells: 4/6 levels left

rFire   . . .      SeeInvis .   r - +0 dagger (venom)
rCold   . . .      Faith    .   (no shield)
rNeg    . . .      Spirit   .   b - +0 leather armour
rPois   .          Reflect  .   (no helmet)
rElec   .          Harm     .   (no cloak)
rCorr   .          Rampage  .   l - +0 pair of gloves
Will    .....                   (no boots)
Stlth   +.........              (no amulet)
HPRegen 0.09/turn               (no ring)
MPRegen 0.10/turn               (no ring)

@: no status effects
A: foul stench 1, spiny 1
a: no special abilities


You were on level 3 of the Dungeon.
You visited 1 branch of the dungeon, and saw 3 of its levels.

You collected 116 gold pieces.
You spent 94 gold pieces at shops.

Inventory:

Hand Weapons
 r - a +0 dagger of venom (weapon)
Missiles
 d - 7 boomerangs of dispersal
 g - 7 poisoned darts (quivered)
Armour
 b - a +0 leather armour (worn)
 l - a +0 pair of gloves (worn)
 q - a +0 chain mail
Scrolls
 c - a scroll of blinking
 h - 5 scrolls of identify {unknown}
 j - a scroll of noise {unknown}
 n - a scroll of butterflies {unknown}
Potions
 a - a potion of heal wounds
 e - 2 potions of curing
 f - a potion of resistance {unknown}
 i - a potion of invisibility {unknown}
 k - a potion of berserk rage {unknown}
 m - a potion of mutation {unknown}
 o - a potion of attraction {unknown}
 p - a potion of degeneration {unknown}


   Skills:
 + Level 2.3 Fighting
 + Level 2.4 Short Blades
 + Level 1.0 Throwing
 + Level 1.6 Armour
 + Level 2.1 Dodging
 + Level 0.7 Stealth
 * Level 2.3 Spellcasting
 * Level 2.8 Translocations


You had 4 spell levels left.
You knew the following spells:

 Your Spells              Type           Power      Damage    Failure   Level
a - Blink                 Tloc           18%        N/A       14%         2

Your spell library contained the following spells:

 Spells                   Type           Power      Damage    Failure   Level
 Gell's Gravitas          Tloc           9%         N/A       26%         3
 Lesser Beckoning         Tloc           9%         N/A       26%         3
 Teleport Other           Tloc           9%         N/A       26%         3
 Sandblast                Erth           2%         2d4       30%         1
 Passwall                 Tmut/Erth      0%         N/A       41%         2
 Stone Arrow              Conj/Erth      2%         3d7       65%         3
 Manifold Assault         Tloc           9%         N/A       94%         5


Dungeon Overview and Level Annotations

Branches:
Dungeon (3/15)

Altars:

Shops:
D:1 *   D:3 !


Innate Abilities, Weirdness & Mutations

You may rarely emit foul miasma when damaged in melee.
You are partially covered in sharp spines.


Message History

The ball python is heavily wounded.
You hear a shout!
You kill the ball python!
The bat barely misses you.
A goblin comes into view. It is wielding a +0 club.
The bat is struck by your spines.
You kill the bat!
An orc priest comes into view.
It is wielding a +0 dagger and wearing a +2 leather armour of fire resistance.
The rat closely misses you.
You hit the rat but do no damage.
The rat is poisoned.
You kill the rat!
You hit the orc but do no damage.
The orc is poisoned.
The orc is struck by your spines. The orc hits you with a +0 falchion.
You hit the orc but do no damage.
The orc is lightly wounded.
The orc barely misses you. The goblin is struck by your spines.
You kill the goblin!
The orc priest begins to cast a cantrip, but forgets the words!
You hit the orc but do no damage.
The orc looks even sicker.
The orc is severely wounded.
Throw: 9 darts (poison)
Press: ? - help, Q - select action, (/) - cycle Shift-Dir - straight line, f - orc priest
Aim: an orc priest, wielding a +0 dagger and wearing a +2 leather armour of fire resistance (57% to hit)
You throw a poisoned dart.
The poisoned dart closely misses the orc priest.
You kill the orc!
Throw: 8 darts (poison)
Press: ? - help, Q - select action, (/) - cycle Shift-Dir - straight line, f/p - orc priest
Aim: an orc priest, wielding a +0 dagger and wearing a +2 leather armour of fire resistance (57% to hit)
You throw a poisoned dart.
The poisoned dart barely misses the orc priest.
You hit the orc priest but do no damage.
The orc priest invokes the aid of Beogh against you.
Pain shoots through your body!
Ouch! That really hurt!
You hit the orc priest but do no damage.
The orc priest is poisoned.
The orc priest invokes the aid of Beogh against you.
Beogh smites you!
You die...

......... ............
.......(# #..........
........# #......#...
..........# #..........
........#..# #......#...
.......†##.# #..........
......).##.###......#...
......#o##...#.†.<......
#####.)@##..........#.#.
##.................#
#..............#..#
###...........†††..
#.#....########).
#.#.....# ###
#.#####.#######
#.##.)..>.....#
#..#..........# .


You could see an orc priest (very poisoned).

Vanquished Creatures
  2 adders
  A worm (D:2)
  2 dart slugs (D:1)
  An orc (D:3)
  An endoplasm (D:2)
  3 giant cockroaches
  3 goblins
  2 jackals (D:2)
  A quokka (D:3)
  6 ball pythons
  6 bats
  3 frilled lizards
  5 kobolds
  6 rats
42 creatures vanquished.

Notes
Turn   | Place    | Note
-------+----------+-------------------------------------------
     0 | D:1      | xian the Demonspawn Warper began the quest for the Orb.
     0 | D:1      | Reached XP level 1. HP: 16/16 MP: 3/3
    89 | D:1      | Reached skill level 1 in Throwing
   611 | D:1      | Reached skill level 1 in Armour
  1084 | D:1      | Found a faded altar of an unknown god.
  1089 | D:1      | Gained mutation: You may rarely emit foul miasma when
                  | damaged in melee. [demonic ancestry]
  1089 | D:1      | Reached XP level 2. HP: 19/22 MP: 5/5
  1092 | D:1      | Learned a level 2 spell: Blink
  1290 | D:1      | You fall into a shaft and drop 1 floor!
  1728 | D:1      | Gained mutation: You are partially covered in sharp spines.
                  | [demonic ancestry]
  1728 | D:1      | Reached XP level 3. HP: 22/27 MP: 6/6
  1921 | D:1      | Found Itiocrad's General Store.
  1926 | D:1      | Bought a potion of curing for 39 gold pieces
  2598 | D:3      | Found Yngacine's Distillery.
  2621 | D:3      | Bought a potion of heal wounds for 55 gold pieces
  2714 | D:3      | Killed from afar by an orc priest

Illustrated notes

Levels and vault maps discovered:
D:1:      minmay_arrival_plants_in_alcoves, layout_loops_corners,
          chequers_ecumenical_altar_island, serial_shops,
          nicolae_shop_hallway_stairs, minmay_tromino_v2
D:2:      layout_rooms, serial_aquarium, aquarium_bridge_straight
          [aquarium_subvault_bridge, aquarium_subvault_wall,
          aquarium_subvault_bridge, aquarium_subvault_window],
          aquarium_bridge_island_small [aquarium_subvault_small_open,
          aquarium_subvault_window, aquarium_subvault_bridge,
          aquarium_subvault_balcony, aquarium_subvault_bridge],
          aquarium_window_3, aquarium_window_1, aquarium_window_1,
          aquarium_view_2e, aquarium_view_4
D:3:      layout_rooms, serial_shops, nicolae_shop_statue_plus

Skill      XL: |  1  2  3 |
---------------+----------+-----
Throwing       | 1 |  1.0
Armour         | 1 |  1.6
Short Blades   | 2 |  2.4
Dodging        | 2 |  2.1
Fighting       | |  2.3
Stealth        | |  0.7
Spellcasting   | |  2.3
Translocations | |  2.8

Action                   || total
-------------------------++-------
Melee: Short sword       ||   132
       Dagger            ||    18
Throw: Dart              ||    10
Armor: Leather armour    ||    47
Dodge: Dodged            ||    96
